 Dungeon Crawl Stone Soup version 0.30-a0-123-g91d0c66ccf (webtiles) character file.

Game seed: 11083762520299273196

2694 Pooter the Cleaver (level 9, -6/78 HPs)
             Began as a Hill Orc Monk on Sept 17, 2022.
             Was a Priest of Beogh.
             Engulfed by a steam dragon's steam (19 damage)
             ... on level 7 of the Dungeon.
             The game lasted 00:45:00 (9124 turns).

Pooter the Cleaver (Hill Orc Monk)                  Turns: 9124, Time: 00:45:00

Health: -6/78      AC: 15    Str: 22    XL:     9   Next: 65%
Magic:  9/9        EV:  3    Int: 10    God:    Beogh [***...]
Gold:   362        SH: 11    Dex: 15    Spells: 8/8 levels left

rFire   . . .      SeeInvis .    a - +3 flail (holy)
rCold   . . .      Faith    .    D - +0 tower shield
rNeg    . . .      Spirit   .    n - +0 plate armour
rPois   .          Reflect  .    (no helmet)
rElec   .          Harm     .    v - +0 cloak
rCorr   .          Rampage  .    (no gloves)
Will    .....                    (no boots)
Stlth   ..........               o - amulet of the acrobat
HPRegen 0.23/turn                y - +6 ring of strength
MPRegen 0.11/turn                f - +4 ring of protection

@: no status effects
A: no striking features
a: Renounce Religion, Smiting


You were on level 7 of the Dungeon.
You worshipped Beogh.
Beogh was most pleased with you.
You visited 1 branch of the dungeon, and saw 7 of its levels.
You also visited: Sewer.

You collected 362 gold pieces.

Inventory:

Hand Weapons
 a - a +3 flail of holy wrath (weapon)
   (You took it off an orc on level 4 of the Dungeon)
 b - a +0 sling
   (You found it on level 2 of the Dungeon)
 i - a +0 hand axe
Missiles
 j - 10 poisoned darts
 k - a throwing net {!f}
 p - 3 boomerangs (quivered)
 Q - 47 stones
Armour
 n - a +0 plate armour (worn)
   (You found it on level 3 of the Dungeon)
 v - a +0 cloak (worn)
   (You found it on level 4 of the Dungeon)
 C - a +0 chain mail of cold resistance
   (You found it in a sewer)
 D - a +0 tower shield (worn)
   (You took it off a gnoll on level 4 of the Dungeon)
Jewellery
 e - a +4 ring of evasion
   (You found it on level 2 of the Dungeon)
 f - a +4 ring of protection (right hand)
   (You found it on level 1 of the Dungeon)
 o - an amulet of the acrobat (around neck)
   (You found it on level 2 of the Dungeon)
 r - a ring of flight
   (You took it off an orc on level 6 of the Dungeon)
 u - a +4 ring of protection
   (You found it on level 4 of the Dungeon)
 y - a +6 ring of strength (left hand)
   (You found it on level 4 of the Dungeon)
 I - a ring of protection from cold
   (You found it on level 2 of the Dungeon)
 P - a ring of poison resistance
   (You found it on level 4 of the Dungeon)
Scrolls
 d - a scroll of poison {!r}
 g - 4 scrolls of amnesia
 h - a scroll of immolation {!r}
 t - 2 scrolls of teleportation {@r4}
Potions
 c - a potion of ambrosia
 l - 3 potions of degeneration {!q}
 m - 2 potions of curing {@q1}
 q - 2 potions of attraction {unknown}
 s - a potion of lignification {!q}
 z - a potion of heal wounds {@q2}
 A - a potion of resistance {unknown}


   Skills:
 + Level 6.8 Fighting
 - Level 1.1 Short Blades
 * Level 10.0 Axes
 * Level 5.8 Ranged Weapons
 + Level 4.7 Dodging
 + Level 4.6 Stealth


You had 8 spell levels left.
You didn't know any spells.
Your spell library contained the following spells:

 Spells                   Type           Power      Damage    Failure   Level
 Magic Dart               Conj           0%         1d3       100%        1
 Searing Ray              Conj           0%         2d4       100%        2
 Stone Arrow              Conj/Erth      0%         3d7       100%        3
 Animate Armour           Summ/Erth      0%         N/A       100%        4
 Fulminant Prism          Conj/Hex       0%         3d6       100%        4
 Lehudib's Crystal Spear  Conj/Erth      0%         10d2      100%        8


Dungeon Overview and Level Annotations

Branches:
Dungeon (7/15)             Temple (0/1) D:4           Sewer (visited)

Altars:
Cheibriados
Elyvilon
Fedhas
Kikubaaqudgha
Nemelex Xobeh
Ru
Vehumet
Wu Jian

Shops:
D:1 :


Message History

Beogh accepts your kill.
Found an escape hatch in the floor.
Your +3 flail of holy wrath stops glowing.
b - a +0 sling (weapon)
Okay, then.
A steam dragon comes into view.
The steam dragon hisses angrily.
The steam dragon breathes steam at you. The ball of steam misses you.
You hear a shout!
Your +3 flail of holy wrath softly glows with a divine radiance!
a - a +3 flail of holy wrath (weapon)
You closely miss the steam dragon. The steam dragon bites you.
The steam dragon claws you but does no damage.
The steam dragon bites you. You block the steam dragon's attack.
You hit the steam dragon.
The steam dragon bites you but does no damage.
The steam dragon claws you but does no damage.
An ogre comes into view. It is wielding a +0 giant spiked club.
You barely miss the steam dragon.
The steam dragon bites you but does no damage.
The steam dragon claws you but does no damage.
The steam dragon bites you. You block the steam dragon's attack.
You sock the steam dragon! The steam dragon breathes steam at you.
The ball of steam hits you!!
The ogre hits you with a +0 giant spiked club!!
* * * LOW HITPOINT WARNING * * *
The steam dragon bites you but does no damage.
You block the steam dragon's attack.
You hit the steam dragon but do no damage.
You are engulfed in a cloud of scalding steam.
The steam dragon bites you but does no damage.
You block the steam dragon's attack. You block the ogre's attack.
Unknown command.
You block the steam dragon's attack. The steam dragon claws you.
* * * LOW HITPOINT WARNING * * *
You hit the steam dragon. The steam dragon bites you.
* * * LOW HITPOINT WARNING * * *
You block the steam dragon's attack.
The ogre is engulfed in a cloud of scalding steam. x2
The ogre hits you with a +0 giant spiked club!
* * * LOW HITPOINT WARNING * * *
The steam dragon breathes steam at you. The ball of steam hits you.
* * * LOW HITPOINT WARNING * * *
Unknown command.
You barely miss the steam dragon.
You are engulfed in a cloud of scalding steam.
You die...

.## # .#............#
..##.. .....
#............## !.....
...... ##............
.....# ##....
##.#......#.... ......
...... #.......###....
...... ......#
....#..## #.... 5....#
.......
####.#..#####.## .#...#
#.....##.##.#....##..#.
...# #
#....D@§.§.............
...#
#..###O#§§.............
.#...
#................[
##....
#....§...........# ...
###..............# ..
#...§.#.........
...>...##........
.##§.§...........
§.............


You could see a steam dragon (catching breath) and an ogre.

Vanquished Creatures
  Pikel (D:6)
  Grinder (D:5)
  A steam dragon (D:7)
  A water moccasin (D:5)
  An ice beast (D:5)
  3 black bears
  Pargi (Sewer)
  An ogre (D:6)
  A phantom (D:5)
  2 lemures (D:6)
  A kobold brigand (D:6)
  Blork the orc (D:5)
  3 bullfrogs (D:6)
  2 necrophages
  Dowan (D:5)
  A howler monkey (D:5)
  4 hounds
  An orc priest (D:6)
  A jelly (D:6)
  5 iguanas
  5 orc wizards
  7 gnolls
  5 adders
  A river rat (D:5)
  A shadow imp (D:5)
  A white imp (D:7)
  3 ufetubi
  A worm (D:2)
  21 orcs
  4 bats
  4 endoplasms
  4 giant cockroaches
  7 goblins
  12 kobolds
  2 quokkas
  5 ball pythons
  A frilled lizard (D:1)
  9 rats
126 creatures vanquished.

Vanquished Creatures (others)
  An orc priest (D:5)
  An orc wizard (D:5)
  An adder (D:5)
  3 orcs (D:5)
  7 fungi (D:3)
  4 plants (D:3)
17 creatures vanquished.

Grand Total: 143 creatures vanquished

Notes
Turn   | Place    | Note
-------+----------+-------------------------------------------
     0 | D:1      | Pooter the Hill Orc Monk began the quest for the Orb.
     0 | D:1      | Reached XP level 1. HP: 19/19 MP: 1/1
   156 | D:1      | Found Xacsufoi's Book Boutique.
   332 | D:1      | Reached XP level 2. HP: 27/27 MP: 2/2
  1177 | D:2      | Identified the +4 dagger of Contumacious Offence {freeze,
                  | rF+ Int+2}
  1382 | D:2      | Reached XP level 3. HP: 33/33 MP: 3/3
  1495 | D:2      | Found an ornate altar of the Wu Jian Council.
  1773 | D:3      | Found a blossoming altar of Fedhas.
  1957 | D:3      | Found a faded altar of an unknown god.
  2176 | D:3      | Reached skill level 5 in Axes
  2176 | D:3      | Reached XP level 4. HP: 21/40 MP: 4/4
  2709 | D:4      | Noticed a black bear
  2731 | D:4      | Killed a black bear
  2732 | D:4      | Reached skill level 1 in Short Blades
  2732 | D:4      | Reached skill level 1 in Ranged Weapons
  2732 | D:4      | Reached XP level 5. HP: 41/47 MP: 5/5
  2873 | D:3      | Reached XP level 6. HP: 50/53 MP: 6/6
  3000 | D:3      | Reached skill level 6 in Axes
  3130 | D:4      | Found a staircase to the Ecumenical Temple.
  3419 | D:5      | Entered Level 5 of the Dungeon
  3438 | D:5      | Found a glowing drain.
  3447 | Sewer    | Entered a sewer
  3478 | Sewer    | Noticed Pargi
  3492 | Sewer    | Killed Pargi
  3828 | D:5      | Became a worshipper of Beogh the Brigand
  3828 | D:5      | Reached * piety under Beogh
  3828 | D:5      | Reached ** piety under Beogh
  3934 | D:5      | Reached XP level 7. HP: 59/60 MP: 7/7
  4015 | D:5      | Noticed Blork the orc
  4029 | D:5      | Killed Blork the orc
  4069 | D:5      | Noticed Dowan
  4069 | D:5      | Noticed Duvessa
  4074 | D:5      | Noticed Duvessa
  4074 | D:5      | Duvessa changed into Duvessa the hound
  4085 | D:5      | Killed Duvessa the hound
  4086 | D:5      | Reached skill level 5 in Fighting
  4088 | D:5      | Noticed Grinder
  4091 | D:5      | Killed Dowan
  4746 | D:5      | Reached skill level 7 in Axes
  5447 | D:5      | Reached XP level 8. HP: 34/69 MP: 8/8
  6554 | D:5      | Killed Grinder
  6749 | D:5      | Reached skill level 8 in Axes
  7228 | D:6      | Found a snail-covered altar of Cheibriados.
  7235 | D:6      | Found an ancient bone altar of Kikubaaqudgha.
  7235 | D:6      | Found a sparkling altar of Nemelex Xobeh.
  7236 | D:6      | Found a sacrificial altar of Ru.
  7236 | D:6      | Found a radiant altar of Vehumet.
  7236 | D:6      | Found a white marble altar of Elyvilon.
  7236 | D:6      | Found an ornate altar of the Wu Jian Council.
  7331 | D:6      | Noticed Pikel
  7755 | D:6      | HP: 3/70 [bullfrog (5)]
  7955 | D:6      | Reached XP level 9. HP: 64/75 MP: 9/9
  7956 | D:6      | Reached skill level 9 in Axes
  7956 | D:6      | Reached skill level 5 in Ranged Weapons
  8303 | D:6      | Killed Pikel
  8793 | D:6      | Reached *** piety under Beogh
  9016 | D:7      | Reached skill level 10 in Axes
  9124 | D:7      | Engulfed by a steam dragon's steam

Illustrated notes

Levels and vault maps discovered:
D:1:      dreamdust_arrival_sigmund_warning, layout_basic, serial_shops, shop,
          minmay_misc_feat_columns, minmay_tromino_v4_b
D:2:      layout_loops_ring, basic_altar, kennysheep_generic_room_5
D:3:      layout_loops_ring, fedhas_altar_3, dreamdust_ecumenical_altar_statues
D:4:      layout_basic, temple_fountains
D:5:      wander_river, layout_loops_ring, portal_sewer_entry_b,
          corexii_item_surrounded_by_moat, minmay_misc_feat_more_columns,
          uniq_blork_the_orc, uniq_duvessa, uniq_grinder
D:6:      layout_basic, grunt_temple_overflow_open, skrybe_limestone_x,
          uniq_pikel
D:7:      layout_cave_pools, mainiacjoe_overflow_alcove_2, nicolae_benzene_ring

Skill      XL: |  1  2  3  4  5  6  7  8  9 |
---------------+----------------------------+-----
Stealth        | 2 3 4 |  4.6
Fighting       | 4 5 6 |  6.8
Axes           | 5 6 7 8 10 | 10.0
Short Blades   | 1 |  1.1
Ranged Weapons | 1 2 3 4 5 |  5.8
Dodging        | 3 4 |  4.7

Action                   |  1- 3 |  4- 6 |  7- 9 || total
-------------------------+-------+-------+-------++-------
Melee: Hand axe          |   102 |     1 |       ||   103
       Dagger            |    31 |       |       ||    31
       Punch             |     1 |       |       ||     1
       Flail             |       |   116 |   245 ||   361
 Fire: Sling             |    10 |    21 |    53 ||    84
Throw: Boomerang         |       |       |     2 ||     2
       Throwing net      |       |       |     1 ||     1
Invok: Convert to Beogh  |       |     1 |       ||     1
       Smiting           |       |       |     1 ||     1
Evoke: Wand              |       |       |    10 ||    10
  Use: Scroll            |     2 |       |    14 ||    16
       Potion            |       |       |    11 ||    11
 Stab: Sleeping          |     4 |       |       ||     4
Armor: Robe              |    15 |       |       ||    15
       Plate armour      |    23 |   106 |   164 ||   293
       Chain mail        |       |     6 |    63 ||    69
       Skin              |       |       |    18 ||    18
Dodge: Dodged            |    80 |   108 |    98 ||   286
Block: Tower shield      |       |       |   176 ||   176

Table legend: (Time is in decaauts)
 A = Elapsed time spent in this place.
 B = Non-inter-level travel time spent in this place.
 C = Inter-level travel time spent in this place.
 D = Time resting spent in this place.
 E = Time spent auto-exploring this place.
 F = Levels seen in this place.
 G = Mean time per level.
                   A        B        C        D        E       F      G
               +--------+--------+--------+--------+--------+-----+--------+
         Total |   9383 |   9029 |    354 |   3875 |   3285 |   8 | 1172.9 |
       Dungeon |   9017 |   8663 |    354 |   3687 |   3285 |   7 | 1288.1 |
         Sewer |    366 |    366 |      0 |    188 |      0 |   1 |  366.0 |
               +--------+--------+--------+--------+--------+-----+--------+

Top non-repeatable levels by time:
     D:5: 3201 daAuts
     D:6: 1823 daAuts
     D:1: 1115 daAuts
     D:3: 1067 daAuts
     D:4: 897 daAuts
     D:2: 648 daAuts
   Sewer: 366 daAuts
     D:7: 264 daAuts
